Map: Ulrena

Players

AcerBly (Bly) - Winner!

  • Race: Zerg Zerg
  • League: Grandmaster

HuK

  • Race: Protoss Protoss
  • League: Grandmaster

Event: Gauntlet Monday Night

VOD

Have the link to the VOD?

Description

Time

  • Played on: Jan. 4, 2016, 3:10 p.m.
  • Length: 12:34

All games in this series

Show
View Real Time Build Order
Export as new Build Order

AcerBly Zerg - Winner!

Build Orders: Hatch First 

Get SALT Encoding   

  12  0:01  Drone  
  13  0:12  Overlord  
  13  0:17  Drone  
  14  0:32  Drone x2  
  14  0:34  Drone  
  17  0:54  Hatchery  
  16  1:08  Spawning Pool  
  16  1:10  Drone  
  16  1:14  Drone  
  18  1:18  Drone  
  18  1:21  Drone  
  19  1:43  Hatchery  
  18  1:55  Zergling x6  
  21  2:06  Zergling x2  
  21  2:08  Queen  
  24  2:12  Drone  
  25  2:19  Drone x2  
  27  2:34  Overlord  
  27  2:35  Drone  
  28  2:50  Overlord  
  28  2:51  Queen x2  
  28  2:52  Drone x2  
  28  2:56  Drone  
  34  3:10  Drone x2  
  35  3:17  Drone x4  
  35  3:18  Drone  
  35  3:19  Drone x3  
  41  3:23  Drone x2  
  43  3:27  Extractor  
  43  3:28  Extractor  
  43  3:32  Queen  
  43  3:34  Zergling x2  
  43  3:36  Zergling x2  
  43  3:37  Zergling x2  
  43  3:40  Zergling x2  
  47  3:46  Overlord  
  47  3:47  Zergling x2  
  48  3:52  Zergling x4  
  49  3:56  Drone  
  49  3:59  Drone  
  50  4:03  Spore Crawler  
  50  4:08  Extractor  
  48  4:13  Drone x5  
  48  4:16  Overlord  
  54  4:20  Extractor  
  53  4:26  Overlord  
  53  4:27  Drone x3  
  55  4:32  Drone x2  
  55  4:38  Drone x3  
  58  4:47  Lair, Metabolic Boost  
  58  4:50  Drone x4  
  58  4:51  Drone x2, Roach Warren  
  63  4:57  Drone  
  64  5:00  Spore Crawler  
  64  5:06  Overlord  
  63  5:08  Drone x3  
  63  5:09  Overlord  
  63  5:12  Zergling x8  
  70  5:26  Overlord x2  
  70  5:31  Roach x8  
  70  5:35  Overlord  
  86  5:39  Overlord  
  82  5:45  Roach x4  
  90  5:50  Glial Reconstitution  
  90  5:55  Spire  
  89  6:01  Drone x6  
  89  6:02  Drone x2  
  89  6:03  Extractor  
  96  6:05  Extractor  
  95  6:19  Zergling x14  
  90  6:53  Roach x14  
  98  7:02  Overlord  
  98  7:05  Roach x3  
  98  7:06  Roach x3  
  110  7:10  Overlord  
  110  7:15  Ravager x5  
  113  7:21  Hatchery  
  112  7:29  Hatchery  
  105  7:30  Roach x6  
  105  7:31  Roach x3  
  105  7:36  Roach  
  120  7:37  Roach x3  
  120  7:40  Roach  
  120  7:43  Overlord  
  107  8:01  Mutalisk x6  
  119  8:13  Mutalisk  
  119  8:18  Mutalisk  
  119  8:20  Zergling x12  
  119  8:21  Queen x2  
  115  8:34  Mutalisk x3  
  104  8:46  Drone x7  
  80  8:57  Mutalisk x2  
  80  8:59  Extractor  
  69  9:04  Extractor  
  69  9:07  Drone  
  65  9:14  Drone  
  65  9:15  Drone x2  
  62  9:32  Drone  
  62  9:33  Drone x6  
  65  9:42  Drone x3  
  68  9:49  Drone  
  67  9:53  Mutalisk x2  
  71  10:02  Mutalisk x3  
  77  10:08  Mutalisk x2  
  81  10:21  Drone  
  81  10:22  Drone x8  
  88  10:33  Mutalisk  
  88  10:34  Mutalisk  
  92  10:42  Roach  
  98  10:43  Roach x2  
  98  10:49  Zergling x18  
  101  10:57  Roach  
  101  10:58  Roach x2  
  101  11:03  Roach x3  
  111  11:13  Roach x4  
  114  11:22  Ravager x4  
  114  11:23  Ravager, Zergling x2  
  114  11:24  Zergling x8  
  110  11:47  Roach x7  
  118  12:02  Mutalisk x2  
  118  12:03  Mutalisk  
  124  12:08  Mutalisk  
  124  12:11  Zergling x14  
Show
View Real Time Build Order
Export as new Build Order

HuK Protoss 

Build Orders: Nexus First 

Get SALT Encoding   

  12  0:01  Probe (Chrono Boost)  
  13  0:11  Probe (Chrono Boost)  
  14  0:19  Pylon  
  14  0:22  Probe (Chrono Boost)  
  15  0:37  Probe (Chrono Boost)  
  16  0:48  Probe (Chrono Boost)  
  17  1:00  Nexus  
  18  1:09  Gateway  
  17  1:12  Probe (Chrono Boost)  
  17  1:17  Assimilator  
  18  1:23  Probe (Chrono Boost)  
  18  1:25  Assimilator  
  19  1:33  Probe (Chrono Boost)  
  20  1:44  Probe (Chrono Boost)  
  21  1:54  Probe (Chrono Boost)  
  21  1:55  Gateway  
  21  1:58  Cybernetics Core  
  22  2:05  Probe (Chrono Boost)  
  23  2:14  Probe (Chrono Boost)  
  25  2:15  Probe (Chrono Boost)  
  25  2:24  Probe (Chrono Boost)  
  25  2:26  Probe (Chrono Boost)  
  25  2:27  Pylon  
  27  2:36  Adept (Chrono Boost), Pylon  
  29  2:39  Pylon  
  29  2:42  Mothership Core  
  29  2:50  Probe  
  29  2:51  Adept (Chrono Boost)  
  34  2:53  Warp Gate (Chrono Boost)  
  34  3:03  Probe x2, Adept (Chrono Boost)  
  38  3:15  Probe x2  
  40  3:26  Robotics Facility  
  42  3:27  Probe (Chrono Boost)  
  42  3:28  Probe (Chrono Boost)  
  42  3:37  Pylon  
  42  3:38  Probe x2 (Chrono Boost)  
  46  3:41  Sentry, Gateway  
  46  3:56  Probe x2 (Chrono Boost)  
  48  4:06  Probe x2 (Chrono Boost)  
  50  4:11  Immortal (Chrono Boost), Gateway  
  50  4:12  Assimilator  
  50  4:14  Pylon  
  54  4:20  Assimilator  
  54  4:32  Probe  
  54  4:33  Sentry (Chrono Boost)  
  54  4:37  Probe  
  58  4:44  Probe  
  58  4:45  Pylon  
  60  5:00  Observer  
  60  5:06  Sentry x4  
  68  5:09  Probe  
  68  5:13  Probe  
  70  5:16  Gateway x2  
  70  5:17  Gateway  
  70  5:20  Nexus, Pylon  
  70  5:28  Pylon  
  70  5:30  Pylon  
  70  5:33  Immortal  
  70  5:38  Probe x2  
  76  5:42  Sentry  
  76  5:48  Adept x3  
  84  5:50  Probe  
  84  5:56  Pylon  
  85  6:02  Twilight Council  
  85  6:03  Adept, Forge  
  87  6:07  Probe x2  
  87  6:08  Adept  
  87  6:09  Adept  
  87  6:10  Observer  
  93  6:16  Adept  
  96  6:19  Probe  
  97  6:30  Immortal  
  94  6:37  Adept  
  94  6:38  Adept x3  
  101  6:40  Protoss Ground Weapons Level 1  
  101  6:42  Probe  
  101  6:43  Probe  
  101  6:44  Probe  
  101  6:45  Resonating Glaives (Chrono Boost)  
  96  6:55  Probe  
  96  6:56  Probe x2  
  97  7:06  Warp Prism  
  97  7:07  Probe  
  97  7:08  Probe x2  
  102  7:19  Probe  
  102  7:20  Probe x2  
  96  7:31  Probe  
  96  7:35  Stalker x5  
  77  7:44  Sentry x2  
  75  7:57  Immortal  
  72  8:00  Probe  
  75  8:13  Adept x4  
  75  8:14  Adept x2  
  75  8:15  Adept  
  85  8:20  Pylon  
  85  8:21  Pylon  
  79  8:35  Stalker x5  
  79  8:36  Stalker  
  82  8:44  Stalker  
  73  8:52  Protoss Ground Weapons Level 2  
  63  9:01  Observer  
  57  9:06  Blink (Chrono Boost)  
  58  9:13  Stalker x6  
  68  9:22  Stalker  
  62  9:37  Stalker x4  
  61  9:43  Stalker  
  60  9:50  Probe  
  59  10:04  Stalker  
  56  10:09  Mothership Core (Chrono Boost)  
  56  10:12  Probe x2 (Chrono Boost)  
  50  10:23  Stalker  
  50  10:25  Probe x2 (Chrono Boost)  
  50  10:28  Probe (Chrono Boost)  
  55  10:35  Stalker  
  58  10:41  Stalker  
  59  10:45  Probe (Chrono Boost)  
  60  10:59  Stalker x2  
  65  11:04  Probe (Chrono Boost)  
  61  11:22  Stalker x2  
  61  11:34  Stalker x2  
  60  11:42  Stalker  
  57  11:48  Probe (Chrono Boost)  
  57  11:51  Probe (Chrono Boost)  
  56  12:01  Sentry x2  
  59  12:08  Sentry  
  59  12:12  Sentry  
Tags
 
Add a new tag
Caveats
  • Supply blocks, unpowered buildings, or Contaminate may cause inaccurate times.
  • Supply counts are checked every 10 seconds.